 Dungeon Crawl Stone Soup version 0.25.1-1-g288607f5aa (webtiles) character file.

Game seed: 4199149799923543981

1609 BledDest the Transmogrifier (level 8, -5/78 HPs)
             Began as an Ogre Transmuter on July 27, 2020.
             Was an Initiate of Sif Muna.
             Slain by a killer bee (6 damage)
             ... on level 7 of the Dungeon.
             The game lasted 00:16:44 (7658 turns).

BledDest the Transmogrifier (Ogre Transmuter)       Turns: 7658, Time: 00:16:48

Health: -5/78      AC:  4    Str: 15    XL:     8   Next: 95%
Magic:  13/14      EV: 10    Int: 22    God:    Sif Muna [......]
Gold:   361        SH:  0    Dex:  9    Spells: 7/15 levels left

rFire    . . .     SeeInvis +   l - +1 dagger (venom)
rCold    . . .     Gourm    .   (no shield)
rNeg     . . .     Faith    .   b - +0 robe
rPois    .         Spirit   .   (helmet restricted)
rElec    .         Reflect  .   t - +0 cloak
rCorr    +         Harm     .   (gloves unavailable)
MR       .....                  (boots unavailable)
Stlth    +.........             (no amulet)
HPRegen  0.23/turn              u - +6 ring of intelligence
MPRegen  0.14/turn              y - ring "Sachiff" {rCorr SInv}

@: mighty, lethally poisoned (-5 -> -11)
A: large, unfitting armour, tough skin 1
a: Renounce Religion


You were on level 7 of the Dungeon.
You worshipped Sif Muna.
Sif Muna was noncommittal.
You were hungry.

You visited 1 branch of the dungeon, and saw 7 of its levels.

You collected 361 gold pieces.

Inventory:

Hand Weapons
 k - a +1 hunting sling
 l - a +1 dagger of venom (weapon)
Missiles
 a - 120 arrows
 f - 81 stones (quivered)
 p - 33 sling bullets
Armour
 b - a +0 robe (worn)
 t - a +0 cloak (worn)
Jewellery
 u - a +6 ring of intelligence (left hand)
 y - the ring "Sachiff" (right hand) {rCorr SInv}
   (You found it on level 4 of the Dungeon)

   [ring of resist corrosion]

   It lets you see invisible.
   It provides partial protection from all sources of acid and corrosion.
 C - an uncursed ring of protection from magic {unknown}
Wands
 D - a wand of acid (7)
Scrolls
 c - a scroll of magic mapping {unknown}
 e - 2 scrolls of fear {unknown}
 h - 2 scrolls of enchant weapon
 i - 4 scrolls of remove curse {unknown}
 m - a scroll of immolation {unknown}
 o - 7 scrolls of identify
 r - 2 scrolls of amnesia {unknown}
 w - a scroll of teleportation {unknown}
Potions
 j - 4 potions of lignification
 q - a potion of ambrosia {unknown}
 x - 2 potions of stabbing
 z - a potion of resistance
Comestibles
 d - 7 rations


   Skills:
 + Level 4.1 Fighting
 + Level 3.2 Dodging
 + Level 3.8 Unarmed Combat
 + Level 4.1 Spellcasting
 + Level 8.5 Transmutations


You had 7 spell levels left.
You knew the following spells:

 Your Spells              Type           Power        Failure   Level  Hunger
a - Beastly Appendage     Tmut           #####.       1%          1    None
b - Spider Form           Tmut/Pois      ###.......   6%          3    ##.....
c - Ice Form              Ice/Tmut       ###.....     19%         4    ####...

Your spell library contained the following spells:

 Spells                   Type           Power        Failure   Level  Hunger
 Sticks to Snakes         Tmut           #####...     1%          2    #......
 Blade Hands              Tmut           #####.....   10%         5    ######.
 Poisonous Vapours        Pois/Air       #.....       17%         2    #......
 Conjure Flame            Conj/Fire      #.......     32%         3    ##.....
 Mephitic Cloud           Conj/Pois/Air  #.......     32%         3    ##.....
 Freezing Cloud           Conj/Ice/Air   #.........   100%        6    #######
 Ring of Flames           Chrm/Fire      #.........   100%        7    #######


Dungeon Overview and Level Annotations

Branches:
Dungeon (7/15)             Temple (0/1) D:5

Altars:
Ashenzari
Makhleb
Okawaru
Sif Muna
Wu Jian
Yredelemnul
The Shining One

Shops:
D:4 *


Innate Abilities, Weirdness & Mutations

You are too large for most types of armour.
You have tough skin. (AC +1)


Message History

You feel clever all of a sudden.
The killer bee stings you but does no damage. x2
It was a potion of cancellation.
Your magical effects are unravelling.
You feel magically purged.
Your magical contamination has completely faded away.
You feel less wooden.
Your +0 cloak unmelds from your body.
Your +0 robe unmelds from your body.
You flicker back into view.
You feel a little less clever now.
You feel less ready to backstab.
The killer bee stings you but does no damage.
The killer bee stings you.
* * * LOW HITPOINT WARNING * * *
It was a potion of might.
You feel very mighty all of a sudden. The killer bee stings you.
* * * LOW HITPOINT WARNING * * *
You are lethally poisoned!
The killer bee poisons you! The killer bee stings you.
You die...

#(y #.# #.# #
#.#.# ###.#.#
#..(..# #y#
#y# #@# #.
#.######....
#...........
#.####.######
#.....<.#
######..#
#..# #...#
#.#.#


You could see 2 killer bees.

Vanquished Creatures
  An ice beast (D:6)
  A phantom (D:5)
  A black bear (D:6)
  4 ogres
  A centaur (D:5)
  A big kobold (D:3)
  A scorpion (D:4)
  3 killer bees (D:7)
  A crimson imp (D:5)
  A centaur zombie (D:4)
  2 hounds
  2 orc priests
  Ijyb (D:4)
  Jessica (D:3)
  An iguana (D:4)
  2 orc wizards (D:4)
  Natasha (thrice) (D:3)
  A hound skeleton (D:4)
  2 worker ant zombies
  3 gnolls (D:4)
  10 adders
  3 shadow imps
  An ooze (D:3)
  2 adder skeletons (D:4)
  5 worms
  A dart slug (D:4)
  3 leopard geckos
  11 orcs
  3 giant cockroaches
  5 goblins
  9 hobgoblins
  6 jackals (D:2)
  3 ball pythons
  4 bats
  8 frilled lizards
  8 kobolds
  A quokka skeleton (D:2)
  A quokka zombie (D:6)
  13 rats
130 creatures vanquished.

Vanquished Creatures (others)
  A jelly (D:6)
1 creature vanquished.

Grand Total: 131 creatures vanquished

Notes
Turn   | Place    | Note
-------+----------+-------------------------------------------
     0 | D:1      | BledDest the Ogre Transmuter began the quest for the Orb.
     0 | D:1      | Reached XP level 1. HP: 19/19 MP: 3/3
    15 | D:1      | Noticed a minotaur skeleton
    83 | D:1      | Reached skill level 2 in Transmutations
   152 | D:1      | Reached XP level 2. HP: 27/27 MP: 5/5
   865 | D:1      | Found an iron altar of Okawaru.
   869 | D:1      | Reached skill level 3 in Transmutations
   883 | D:1      | Reached XP level 3. HP: 29/33 MP: 6/6
  1058 | D:1      | Learned a level 3 spell: Spider Form
  1893 | D:2      | Reached XP level 4. HP: 32/41 MP: 7/7
  2143 | D:2      | Reached skill level 4 in Transmutations
  2340 | D:2      | Found a burning altar of Makhleb.
  2658 | D:3      | Noticed a big kobold
  2665 | D:3      | Killed a big kobold
  2665 | D:3      | Reached skill level 5 in Transmutations
  2665 | D:3      | Reached XP level 5. HP: 40/48 MP: 4/8
  2725 | D:3      | Found an ornate altar of the Wu Jian Council.
  2736 | D:3      | Noticed Jessica
  2744 | D:3      | Killed Jessica
  2980 | D:3      | Reached XP level 6. HP: 40/55 MP: 9/9
  3160 | D:3      | Noticed Natasha
  3168 | D:3      | Killed Natasha
  3225 | D:3      | Noticed Natasha
  3238 | D:3      | Killed Natasha
  3292 | D:3      | Noticed Natasha
  3300 | D:3      | Killed Natasha
  3379 | D:3      | Found an iron altar of Okawaru.
  3489 | D:3      | Reached skill level 6 in Transmutations
  3983 | D:4      | Learned a level 4 spell: Ice Form
  4183 | D:4      | Reached XP level 7. HP: 49/62 MP: 7/10
  4317 | D:4      | Noticed Ijyb
  4337 | D:4      | Killed Ijyb
  4611 | D:4      | Found a shattered altar of Ashenzari.
  4623 | D:4      | Reached skill level 7 in Transmutations
  4760 | D:4      | Found Meit's Assorted Antiques.
  4964 | D:4      | Found a shimmering blue altar of Sif Muna.
  5025 | D:4      | Reached skill level 8 in Transmutations
  5055 | D:4      | Got a pitted jade ring
  5056 | D:4      | Identified the ring "Sachiff" {rCorr SInv} (You found it on
                  | level 4 of the Dungeon)
  5402 | D:5      | Entered Level 5 of the Dungeon
  5808 | D:5      | Reached XP level 8. HP: 71/71 MP: 8/11
  5980 | D:5      | Found a staircase to the Ecumenical Temple.
  6082 | D:4      | Became a worshipper of Sif Muna the Loreminder
  7398 | D:6      | Found a glowing golden altar of the Shining One.
  7407 | D:6      | Found a basalt altar of Yredelemnul.
  7522 | D:6      | Noticed an angel
  7655 | D:7      | HP: 5/117 [killer bee (2)]
  7658 | D:7      | HP: 1/78 [killer bee (2)]
  7658 | D:7      | Slain by a killer bee

Illustrated notes

Levels and vault maps discovered:
D:1:      shiori_arrival_whats_in_store_for_you, layout_rooms,
          okawaru_ov_weapons_minmay
D:2:      layout_basic, lemuel_round_altar
D:3:      layout_rooms, lemuel_round_altar, old_standard_altar, st_stairs_8,
          uniq_natasha, uniq_jessica
D:4:      layout_basic, nicolae_overflow_hidden_temple, old_standard_altar,
          serial_shops, shop, uniq_ijyb
D:5:      layout_loops_ring, minmay_temple_entry_statues_pillars, first_ration,
          chequers_decorated_corner
D:6:      layout_rooms, grunt_temple_overflow_holy_war
D:7:      layout_loops_ring, uniq_maggie

Skill      XL: |  1  2  3  4  5  6  7  8 |
---------------+-------------------------+-----
Transmutations | 2 3 5 6 8 |  8.5
Fighting       | 4 |  4.1
Dodging        | 3 |  3.2
Unarmed Combat | 3 |  3.8
Spellcasting   | 4 |  4.1

Action                   |  1- 3 |  4- 6 |  7- 9 || total
-------------------------+-------+-------+-------++-------
Melee: Unarmed           |    45 |    49 |   124 ||   218
       Kick              |     2 |       |       ||     2
       Hunting sling     |     5 |       |       ||     5
       Headbutt          |     1 |       |       ||     1
       Dagger            |     9 |    49 |    40 ||    98
       Punch             |       |       |     1 ||     1
 Fire: Hunting sling     |    83 |   118 |   101 ||   302
Throw: Stone             |     3 |       |       ||     3
 Cast: Beastly Appendage |     3 |       |       ||     3
       Spider Form       |     2 |     6 |    14 ||    22
       Ice Form          |       |       |     3 ||     3
  Use: Scroll            |       |       |     4 ||     4
       Potion            |       |       |     7 ||     7
  Eat: Chunk             |     1 |     6 |    10 ||    17
       Ration            |     1 |       |     1 ||     2
Armor: Robe              |    31 |    23 |    18 ||    72
       Skin              |       |     1 |    42 ||    43
Dodge: Dodged            |    45 |    96 |   144 ||   285
